 Dungeon Crawl Stone Soup version 0.23.2-30-g0e89c35649 (webtiles) character file.

Game seed: 13893796138687202481

239 Mrkan the Cudgeler (level 6, 0/40 HPs)
             Began as a Gargoyle Monk on June 24, 2019.
             Slain by a gnoll
             ... wielding a +0 halberd
              (2 damage)
             ... on level 3 of the Dungeon.
             The game lasted 00:03:40 (1981 turns).

Mrkan the Cudgeler (Gargoyle Monk)                  Turns: 1981, Time: 00:03:41

Health: 0/40       AC: 14    Str: 16    XL:     6   Next: 7%
Magic:  6/6        EV:  5    Int: 11    God:
Gold:   177        SH:  0    Dex: 12    Spells: 5/5 levels left

rFire    . . .     SeeInvis .   a - +0 mace
rCold    . . .     Gourm    .   (no shield)
rNeg     + . .     Faith    .   m - +0 plate armour
rPois    ∞         Spirit   .   (no helmet)
rElec    +         Reflect  .   (no cloak)
rCorr    .         Harm     .   (no gloves)
MR       .....                  (no boots)
Stlth    ..........             (no amulet)
HPRegen  0.13/turn              (no ring)
MPRegen  0.10/turn              (no ring)

@: no status effects
A: negative energy resistance 1, electricity resistance, unbreathing,
petrification resistance, rot immunity, AC +4
a: no special abilities


You were on level 3 of the Dungeon.
You were hungry.

You visited 1 branch of the dungeon, and saw 3 of its levels.

You collected 177 gold pieces.

Inventory:

Hand Weapons
 a - a +0 mace (weapon)
Armour
 m - a +0 plate armour (worn)
Jewellery
 q - an uncursed ring of fire {unknown}
 u - a +5 amulet of reflection {unknown}
 v - an uncursed ring of flight {unknown}
Scrolls
 e - a scroll of random uselessness {unknown}
 f - 2 scrolls of teleportation {unknown}
 g - 4 scrolls of identify {unknown}
 j - a scroll of remove curse {unknown}
 l - a scroll of magic mapping {unknown}
 n - a scroll of enchant weapon {unknown}
 p - 2 scrolls of fog {unknown}
 r - a scroll of noise {unknown}
 t - a scroll of blinking {unknown}
Potions
 d - a potion of heal wounds {unknown}
 h - a potion of haste {unknown}
 i - a potion of brilliance {unknown}
 k - 2 potions of lignification {unknown}
 o - a potion of agility {unknown}
 s - a potion of cancellation {unknown}
Comestibles
 c - 5 rations


   Skills:
 + Level 4.9 Fighting
 * Level 5.6 Maces & Flails
 - Level 2.4 Dodging
 - Level 2.1 Stealth


You had 5 spell levels left.
You didn't know any spells.
Your spell library was empty.

Dungeon Overview and Level Annotations

Branches:
Dungeon (3/15)

Altars:


Innate Abilities, Weirdness & Mutations

You are resistant to torment.
Your stone body is resilient. (AC +4)
You are immune to poison.
You resist negative energy. (rN+)
You are resistant to electric shocks. (rElec)
You can survive without breathing.
You are immune to petrification.
You are immune to rotting.


Message History

The gnoll hits you from afar with a +0 halberd.
* * * LOW HITPOINT WARNING * * *
The gnoll hits you but does no damage.
You hit the gnoll.
The gnoll is heavily wounded.
You hit the gnoll.
The gnoll is severely wounded.
The gnoll hits you with a +0 halberd!
* * * LOW HITPOINT WARNING * * *
You hit the gnoll.
The gnoll is severely wounded.
The gnoll hits you but does no damage.
You barely miss the gnoll.
The gnoll is severely wounded.
The gnoll hits you but does no damage.
Okay, then.
You closely miss the gnoll.
The gnoll is severely wounded.
The gnoll hits you with a +0 halberd.
You die...

........###.#######.#
..##.#### #.# #.#
...#.# #.# #.#
.....######.# #.#
.......)....# #.#
....####.#### #.#
...## #.# #.# ..##
#.##########.# ###
#......)g@...#
#.....########
#.....# #.....###
##......# ##.###[# #.
#g# ## #.# #g#


You could see a gnoll.

Vanquished Creatures
  An orc priest (D:3)
  Jessica (D:3)
  Natasha (D:3)
  An orc wizard (D:3)
  3 gnolls (D:3)
  5 adders
  2 dart slugs
  2 leopard geckos (D:1)
  4 orcs (D:3)
  8 bats
  3 giant cockroaches
  4 goblins
  6 hobgoblins
  6 jackals (D:2)
  3 frilled lizards
  2 kobolds (D:2)
  4 rats
56 creatures vanquished.

Notes
Turn   | Place    | Note
-------+----------+-------------------------------------------
     0 | D:1      | Mrkan the Gargoyle Monk began the quest for the Orb.
     0 | D:1      | Reached XP level 1. HP: 14/14 MP: 1/1
   130 | D:1      | Reached XP level 2. HP: 12/19 MP: 2/2
   643 | D:2      | Reached XP level 3. HP: 16/24 MP: 3/3
   725 | D:2      | Reached skill level 4 in Maces & Flails
  1008 | D:2      | Reached XP level 4. HP: 29/29 MP: 4/4
  1533 | D:3      | Noticed Natasha
  1544 | D:3      | Killed Natasha
  1544 | D:3      | Reached XP level 5. HP: 29/34 MP: 5/5
  1605 | D:3      | Noticed Jessica
  1618 | D:3      | Killed Jessica
  1618 | D:3      | Reached skill level 5 in Maces & Flails
  1965 | D:3      | Reached XP level 6. HP: 23/40 MP: 6/6
  1978 | D:3      | HP: 2/40 [gnoll/+0 halberd (7)]
  1981 | D:3      | Slain by a gnoll

Skill      XL: |  1  2  3  4  5 |
---------------+----------------+-----
Maces & Flails | 4 5 |  5.6
Fighting       | 4 |  4.9
Dodging        | |  2.4
Stealth        | |  2.1

Action                   |  1- 3 |  4- 6 || total
-------------------------+-------+-------++-------
Melee: Mace              |   103 |   143 ||   246
 Stab: Sleeping          |     2 |       ||     2
  Eat: Chunk             |       |     3 ||     3
Armor: Robe              |    20 |       ||    20
       Plate armour      |    60 |   136 ||   196
Dodge: Dodged            |    69 |    36 ||   105
